 Dungeon Crawl Stone Soup version 0.24.0-13-gcf9b3192b9 (console) character file.

Game seed: 16259630572740392367, levelgen mode: deterministic

14252 nicanaca0 the Severer (level 11, -6/102 HPs)
             Began as a Minotaur Berserker on Oct 28, 2019.
             Was an Elder of Trog.
             Mangled by an elephant (8 damage)
             ... on level 2 of the Lair of Beasts on Nov 8, 2019.
             The game lasted 02:11:24 (13387 turns).

nicanaca0 the Severer (Minotaur Berserker)         Turns: 13387, Time: 02:11:24

Health: -6/102     AC: 17    Str: 22    XL:     11   Next: 86%
Magic:  10/10      EV:  8    Int: 10    God:    Trog [****..]
Gold:   864        SH:  3    Dex: 10    Spells: 10/10 levels left

rFire    . . .     SeeInvis .   K - +1 war axe
rCold    . . .     Gourm    .   (no shield)
rNeg     . . .     Faith    .   G - +0 plate armour
rPois    +         Spirit   .   (helmet restricted)
rElec    .         Reflect  +   f - +0 cloak
rCorr    .         Harm     .   (no gloves)
MR       ++...                  I - +0 pair of boots
Stlth    ..........             i - +3 amulet of reflection
HPRegen  0.27/turn              L - ring of poison resistance
MPRegen  0.12/turn              u - ring of the Mage {Wiz MR++ Int+3}

@: about to teleport
A: retaliatory headbutt, horns 2
a: Berserk, Trog's Hand, Brothers in Arms, Renounce Religion


You were on level 2 of the Lair of Beasts.
You worshipped Trog.
Trog was greatly pleased with you.
You were not hungry.

You visited 3 branches of the dungeon, and saw 16 of its levels.

You collected 930 gold pieces.
You spent 66 gold pieces at shops.

Inventory:

Hand Weapons
 q - the +6 dagger of Courage {flame, Int-2 Dex+5}
   (You found it on level 8 of the Dungeon)

   It has been specially enchanted to burn those struck by it, causing extra
   injury to most foes and up to half again as much damage against particularly
   susceptible opponents.
   It affects your intelligence (-2).
   It affects your dexterity (+5).
 H - a +2 eveningstar
 K - a +1 war axe (weapon)
Missiles
 d - 380 stones
 J - 16 boomerangs (quivered)
Armour
 b - +0 steam dragon scales
 f - a +0 cloak (worn)
 F - a +0 pair of boots
 G - a +0 plate armour (worn)
 I - a +0 pair of boots (worn)
 M - a +0 shield
Jewellery
 e - an uncursed ring of ice
 h - an uncursed amulet of the acrobat
 i - a +3 amulet of reflection (around neck)
 t - an uncursed amulet of harm
 u - the ring of the Mage (right hand) {Wiz MR++ Int+3}
   (You found it on level 8 of the Dungeon)

   [ring of wizardry]

   It improves your spell success rate.
   It affects your intelligence (+3).
   It affects your resistance to hostile enchantments.
 L - a ring of poison resistance (left hand)
Wands
 k - a wand of disintegration (5)
 B - a wand of clouds (2)
 D - a wand of digging (6)
Scrolls
 a - 2 scrolls of fear
 g - 2 scrolls of enchant armour
 j - 5 scrolls of fog
 m - 5 scrolls of amnesia
 p - a scroll of noise
 v - 2 scrolls of teleportation
 w - 2 scrolls of random uselessness
 x - 2 scrolls of immolation
 y - 4 scrolls of blinking
 A - 2 scrolls of identify
 Q - a scroll of remove curse
Potions
 l - a potion of haste
 n - 3 potions of flight
 o - a potion of mutation
 r - 3 potions of agility
 s - 4 potions of curing
 z - 3 potions of brilliance
 C - a potion of berserk rage
 E - a potion of magic
 N - a potion of invisibility
 O - 2 potions of heal wounds
Comestibles
 c - 20 rations
 P - 4 chunks of flesh


   Skills:
 + Level 11.4 Fighting
 + Level 17.1 Axes
 + Level 9.5 Armour
 - Level 2.6 Dodging


You had 10 spell levels left.
You didn't know any spells.
Your spell library was empty.

Dungeon Overview and Level Annotations

Branches:
Dungeon (11/15)            Temple (1/1) D:6            Lair (4/6) D:8
  Swamp: Lair:2-4    Shoals: Lair:2-4     Snake: Lair:2-4    Spider: Lair:2-4
    Orc: D:9-12

Altars:
Elyvilon
Fedhas
Gozag
Kikubaaqudgha
Makhleb
Okawaru
Qazlal
Ru
Trog
Wu Jian
Yredelemnul
The Shining One

Shops:
D:5 !


Innate Abilities, Weirdness & Mutations

You reflexively headbutt those who attack you in melee.
You have a pair of horns on your head.


Message History

An elephant comes into view.
The elephant trumpets!
An elephant comes into view.
The elephant trumpets!
A komodo dragon comes into view.
The komodo dragon hisses angrily.
An elephant comes into view. x2
The elephant barely misses you. The elephant closely misses you.
Found a scimitar.
You fail to use your ability.
The elephant barely misses you. You furiously retaliate!
You headbutt the elephant.
The elephant trunk-slaps you but does no damage.
The elephant tramples you!
* * * LOW HITPOINT WARNING * * *
You stumble backwards!
The elephant tramples you!
* * * LOW HITPOINT WARNING * * *
You hold your ground!
The elephant barely misses you.
As you read the scroll of teleportation, it crumbles to dust.
You feel strangely unstable. The elephant tramples you!
You die...

.............# #..######
#..............#..#PP#.#
#.................#....#
#.............#...)....#
#............# #.......#
#..........# #......#
#.........####Y.....#
#.........##.@Yl....#
##.##.Y..#.##YY....## #
#...#.# .Y.........
#######........#...
#..##...## P# #... ###.#
# ...#. ## ..##


You could see 5 elephants and a komodo dragon.

Vanquished Creatures
  A two-headed ogre (D:9)
  Erica (Lair:1)
  Urug (Lair:1)
  Pikel (D:7)
  A rime drake (Lair:4)
  3 spiny frogs
  A centaur skeleton (D:11)
  A polar bear (Lair:2)
  A troll (D:8)
  3 blink frogs (Lair:3)
  2 hippogriffs
  2 wraiths
  12 yaks
  3 water moccasins
  3 porcupines
  3 orc warriors
  4 sky beasts
  An ice beast (D:6)
  A phantom (D:10)
  A necrophage (D:9)
  2 slaves (D:6)
  7 ogres
  12 centaurs
  2 wolves (D:8)
  2 crocodiles
  5 big kobolds
  6 bullfrogs
  An elf skeleton (D:8)
  A wyvern skeleton (D:10)
  2 scorpions
  3 killer bees (D:8)
  5 electric eels
  4 wights
  3 howler monkeys
  3 crimson imps
  2 jellies
  A quasit (D:9)
  A centaur zombie (D:6)
  9 hounds
  4 human zombies (D:8)
  A bullfrog skeleton (D:8)
  A human skeleton (D:8)
  5 orc priests
  13 orc wizards
  3 iguanas
  4 worker ants
  A hound zombie (D:6)
  A hound skeleton (D:9)
  2 mummies (D:8)
  9 gnolls
  11 adders
  2 shadow imps
  2 worms
  2 dart slugs (D:1)
  6 leopard geckos
  45 orcs
  3 ball pythons
  8 bats
  5 giant cockroaches
  2 gnoll zombies (D:2)
  6 hobgoblins
  2 jackals (D:2)
  5 quokkas
  7 frilled lizards
  8 goblins
  2 jackal skeletons
  24 kobolds
  3 quokka skeletons
  8 rats
  3 fungi
  A plant (Lair:3)
316 creatures vanquished.

Vanquished Creatures (collateral kills)
  A kobold demonologist (D:10)
  A steam dragon (D:8)
  A centaur (D:11)
  6 big kobolds (D:10)
  An electric eel (Lair:1)
  2 orc wizards (D:10)
  An orc (D:10)
  5 kobolds
18 creatures vanquished.

Vanquished Creatures (others)
  A fungus (Lair:3)
1 creature vanquished.

Grand Total: 335 creatures vanquished

Notes
Turn   | Place    | Note
-------+----------+-------------------------------------------
     0 | D:1      | nicanaca0 the Minotaur Berserker began the quest for the
                  | Orb.
     0 | D:1      | Reached XP level 1. HP: 19/19 MP: 0/0
   279 | D:1      | Reached skill level 4 in Axes
   279 | D:1      | Reached XP level 2. HP: 27/27 MP: 1/1
   617 | D:1      | Reached XP level 3. HP: 33/33 MP: 2/2
   622 | D:1      | You fall into a shaft and drop 1 floor!
   628 | D:2      | Reached ** piety under Trog
   685 | D:1      | Upgraded the game from 0.24.0-1-gfbc8707122 to
                  | 0.24.0-2-g5b39cebb1c
  1277 | D:2      | HP: 2/49 [gnoll/+0 whip (5)]
  1279 | D:2      | Reached XP level 4. HP: 2/41 MP: 3/3
  1661 | D:2      | Reached skill level 5 in Axes
  1987 | D:2      | Found a basalt altar of Yredelemnul.
  2290 | D:3      | Reached XP level 5. HP: 37/47 MP: 4/4
  2361 | D:3      | Reached skill level 6 in Axes
  2466 | D:3      | Reached *** piety under Trog
  2764 | D:3      | Reached skill level 7 in Axes
  2945 | D:4      | Reached XP level 6. HP: 44/53 MP: 5/5
  2962 | D:5      | Entered Level 5 of the Dungeon
  3043 | D:4      | Reached skill level 8 in Axes
  3234 | D:4      | Reached skill level 9 in Axes
  3234 | D:4      | Reached XP level 7. HP: 60/60 MP: 6/6
  3502 | D:4      | Found a bloodstained altar of Trog.
  3706 | D:5      | Reached skill level 10 in Axes
  3784 | D:5      | Upgraded the game from 0.24.0-2-g5b39cebb1c to
                  | 0.24.0-5-g267a8d59f4
  3881 | D:5      | Found a burning altar of Makhleb.
  3881 | D:5      | Found a stormy altar of Qazlal.
  4006 | D:5      | Found a white marble altar of Elyvilon.
  4021 | D:5      | Reached skill level 11 in Axes
  4021 | D:5      | Reached XP level 8. HP: 60/67 MP: 7/7
  4115 | D:5      | Found Ubuczom's Distillery.
  4119 | D:5      | Bought a potion of degeneration for 11 gold pieces
  4119 | D:5      | Bought a potion of heal wounds for 55 gold pieces
  4188 | D:5      | Found a sacrificial altar of Ru.
  4211 | D:5      | Found a blossoming altar of Fedhas.
  4415 | D:6      | Reached **** piety under Trog
  4565 | D:6      | Reached skill level 12 in Axes
  4954 | D:6      | Found a staircase to the Ecumenical Temple.
  5080 | D:6      | Reached skill level 5 in Fighting
  5238 | D:6      | Reached skill level 13 in Axes
  5322 | D:7      | Reached XP level 9. HP: 58/74 MP: 8/8
  5409 | D:7      | Noticed Pikel
  5474 | D:7      | Killed Pikel
  5743 | D:7      | Found an iron altar of Okawaru.
  5801 | Temple   | Entered the Ecumenical Temple
  5956 | D:7      | Reached skill level 14 in Axes
  6488 | D:8      | Noticed a troll
  6512 | D:8      | Killed a troll
  7418 | D:8      | Found a staircase to the Lair.
  7471 | D:8      | HP: 3/80 [electric eel/bolt of electricity (12)]
  7515 | D:8      | Got a scorched dagger
  7617 | D:8      | Identified the +6 dagger of Courage {flame, Int-2 Dex+5}
                  | (You found it on level 8 of the Dungeon)
  7631 | D:8      | Upgraded the game from 0.24.0-5-g267a8d59f4 to
                  | 0.24.0-10-g970556be89
  7719 | D:8      | Reached XP level 10. HP: 86/88 MP: 9/9
  7825 | D:8      | Found the ring of the Mage {Wiz MR++ Int+3}
  7919 | D:8      | Found an ancient bone altar of Kikubaaqudgha.
  7929 | D:8      | Reached skill level 15 in Axes
  8306 | D:9      | Found an opulent altar of Gozag.
  8387 | D:9      | Reached skill level 5 in Armour
  8732 | D:9      | Noticed a two-headed ogre
  8763 | D:9      | Killed a two-headed ogre
  8876 | D:9      | Found a glowing golden altar of the Shining One.
  9052 | D:9      | Upgraded the game from 0.24.0-10-g970556be89 to
                  | 0.24.0-13-gcf9b3192b9
  9510 | D:10     | Entered Level 10 of the Dungeon
  9704 | D:10     | Reached skill level 16 in Axes
  9724 | D:10     | Reached ***** piety under Trog
 10077 | D:10     | Found a blossoming altar of Fedhas.
 10585 | D:11     | Reached XP level 11. HP: 96/97 MP: 10/10
 10772 | D:11     | HP: 3/99 [centaur (3)]
 10799 | D:11     | Received a gift from Trog
 11356 | Lair:1   | Entered Level 1 of the Lair of Beasts
 11381 | Lair:1   | Noticed Erica
 11425 | Lair:1   | Killed Erica
 11425 | Lair:1   | Reached skill level 10 in Fighting
 11536 | Lair:1   | Noticed Urug
 11554 | Lair:1   | Killed Urug
 12521 | Lair:2   | You fall into a shaft and drop 2 floors!
 12958 | Lair:4   | Reached skill level 17 in Axes
 13386 | Lair:2   | HP: 1/102 [elephant (9)]
 13387 | Lair:2   | Mangled by an elephant

Levels and vault maps discovered:
D:1:      lightli_arrival_maybe_door_vault, layout_basic, grunt_decor_arrowhead,
          minmay_tromino_v2
D:2:      layout_rooms, lemuel_zombie_altar_yredelemnul, cheibrodos_gnoll_hut
D:3:      layout_loops_ring, palyth_stone_intersect, minmay_vboxes
D:4:      layout_cave_pools, marbit_many_paths
D:5:      lemuel_ice_spiral_2, layout_basic, nicolae_ru_path_of_blood,
          elyvilon_altar_1, lemuel_round_altar,
          chequers_temple_overflow_statue_of_worship, first_ration,
          serial_shops, shop, grunt_ministairs_4, minmay_holes
D:6:      minmay_cornered_nines, layout_loops_ring,
          minmay_temple_entry_large_hall
D:7:      layout_basic, lemuel_coloured_pillars_altar, minmay_hedge_maze,
          uniq_pikel
D:8:      layout_loops_ring, lemuel_mausoleum_altar_kikubaaqudgha,
          erik_lair_island
D:9:      layout_gridville, lemuel_doored_altar, grunt_gozag_statues,
          grunt_pizzeria
D:10:     layout_basic, special_room [special_room_kobold], chequers_garden,
          fedhas_bush_and_centaur_altar
D:11:     layout_cave_pods, hiddenorc2_lemuel, uniq_fannar, uniq_maurice
Temple:   pf_slime_end_temple
Lair:1:   layout_regular_city, lightli_volcano_entry_magma_tube,
          dpeg_stationary_puzzle, uniq_urug, uniq_erica
Lair:2:   layout_cave_pods
Lair:3:   layout_long_grid, skrybe_swamp_entry_bodies
Lair:4:   layout_regular_city, nicolae_spider_entry_non_spiders, st_stairs_5,
          dpeg_oklob_1, uniq_sonja, uniq_kirke

Skill      XL: |  1  2  3  4  5  6  7  8  9 10 11 |
---------------+----------------------------------+-----
Axes           | 4 5 7 9 11 13 14 16 17 | 17.1
Fighting       | 4 5 7 9 11 | 11.4
Armour         | 3 4 6 9 |  9.5
Dodging        | |  2.6

Action                   |  1- 3 |  4- 6 |  7- 9 | 10-12 || total
-------------------------+-------+-------+-------+-------++-------
Melee: Hand axe          |    91 |   124 |   265 |       ||   480
       Headbutt          |     6 |    22 |    61 |    94 ||   183
       War axe           |       |       |    49 |   488 ||   537
Throw: Stone             |       |     1 |     5 |    10 ||    16
       Javelin           |       |     3 |    35 |    17 ||    55
       Boomerang         |       |       |       |     2 ||     2
Invok: Berserk           |     1 |     1 |     2 |     1 ||     5
       Trog's Hand       |       |     2 |     3 |     4 ||     9
       Brothers in Arms  |       |       |     1 |     3 ||     4
Evoke: Wand              |       |       |     1 |     6 ||     7
  Use: Scroll            |     1 |     9 |    13 |     6 ||    29
       Potion            |       |       |     3 |     2 ||     5
 Stab: Sleeping          |       |       |     1 |       ||     1
  Eat: Chunk             |     1 |     9 |    15 |    14 ||    39
       Ration            |       |       |     1 |     2 ||     3
Armor: Ring mail         |    27 |       |       |       ||    27
       Steam dragon scal |       |    31 |    41 |       ||    72
       Plate armour      |       |       |    25 |   233 ||   258
       Chain mail        |       |       |    17 |       ||    17
Dodge: Dodged            |    60 |    75 |   154 |   160 ||   449
Block: Other             |       |    14 |    29 |    19 ||    62
       Reflection        |       |     1 |     3 |       ||     4
       Shield            |       |       |       |     4 ||     4
